[Event "Titled Tuesday Blitz July 05 Late 2022"]
[White "Jarocka, Liwia"]
[Black "Horak, Martin"]
[WhiteFideId "21807558"]
[BlackFideId "367095"]
[WhiteElo "1840"]
[BlackElo "1997"]
[Result "0-1"]
[Round "09"]
[TimeControl "180+1"]
[Date "2022.07.06"]
[WhiteClock "0:00:39"]
[BlackClock "0:00:08"]

1. e4 c5 2. c4 Nc6 3. Nc3 d6 4. g3 g6 5. Bg2 Bg7 6. Nge2 e5 7. O-O Nge7 8. d3 O-O 9. Bg5 f6 10. Be3 f5 11. Bg5 h6 12. Bxe7 Qxe7 13. exf5 Bxf5 14. Kh1 Qd7 15. Nd5 Rae8 16. Qd2 e4 17. dxe4 Bxe4 18. Rae1 Qg4 19. Nef4 Bxg2+ 20. Nxg2 Qf3 21. Rxe8 Rxe8 22. Nc7 Rf8 23. Qxd6 Qe2 24. Qe6+ Qxe6 25. Nxe6 Re8 26. Nxg7 Kxg7 27. Nf4 g5 28. Nd3 Re2 29. Re1 Rd2 30. Nxc5 Rxb2 31. Kg2 g4 32. a4 h5 33. Re6 Nd4 34. Re7+ Kf6 35. Rxb7 Rc2 36. Ne4+ Ke5 37. Re7+ Kf5 38. c5 Nf3 39. Nd6+ Kf6 40. Rf7+ Ke6 41. Rf4 Rc1 42. Rxf3 gxf3+ 43. Kxf3 Rxc5 44. Nb5 a6 45. Nd4+ Ke5 46. Ne2 Ra5 47. Nc3 Kd4 48. Ne2+ Kd3 49. Nf4+ Kd2 50. h3 Kc3 51. g4 hxg4+ 52. hxg4 Kd4 53. g5 Ke5 54. Nd3+ Kf5 55. Ke3 Rxa4 56. f4 Re4+ 57. Kf3 Rd4 58. Ke3 Re4+ 59. Kf3 Rd4 60. Ke3 Rc4 61. Ne5 Re4+ 62. Kf3 Rxf4+ 63. Ke3 Kxe5 64. g6 Rg4 0-1


[Site "https://www.chess.com"]

[Event "Titled Tuesday Blitz July 05 Late 2022"]
[White "Jaskolka, Tomasz"]
[Black "Yurasova, Daria"]
[WhiteFideId "1170791"]
[BlackFideId "34146919"]
[WhiteElo "2073"]
[BlackElo "2021"]
[Result "1-0"]
[Round "09"]
[TimeControl "180+1"]
[Date "2022.07.06"]
[WhiteClock "0:00:04"]
[BlackClock "0:00:26"]

1. e4 e5 2. Nf3 Nc6 3. Bc4 Bc5 4. d3 Nf6 5. c3 d6 6. Nbd2 a6 7. Bb3 h6 8. h3 Ba7 9. Nf1 Ne7 10. Be3 Ng6 11. Bxa7 Rxa7 12. Ne3 Ra8 13. O-O Nf4 14. d4 Qe7 15. dxe5 dxe5 16. Nd5 N6xd5 17. exd5 O-O 18. Re1 Ng6 19. Qd3 Qf6 20. Qc4 Bxh3 21. Qxc7 Bg4 22. Nxe5 Bf5 23. Nd7 Bxd7 24. Qxd7 b5 25. Rad1 Rad8 26. Qg4 Rd6 27. a4 Rfd8 28. axb5 axb5 29. Qb4 Qg5 30. Re4 Rf6 31. Rg4 Qh5 32. Qd4 Rdd6 33. Re1 Qf5 34. Re8+ Kh7 35. Re2 Nf4 36. Rxf4 Qxf4 37. Qxf4 Rxf4 38. g3 Rff6 39. Kg2 g6 40. Re7 Kg7 41. c4 bxc4 42. Bxc4 Rb6 43. b3 Rfd6 44. f4 Kf6 45. Rc7 h5 46. Kf3 Kg7 47. Ke4 Rb8 48. Ke5 Rf6 49. d6 Re8+ 50. Kd4 Rxd6+ 51. Kc5 Rf6 52. b4 Re3 53. b5 Rf5+ 54. Kb4 Rxg3 55. b6 Rf6 56. b7 Rb6+ 57. Kc5 Rxb7 58. Rxb7 Rf3 59. Rxf7+ Kh6 60. Kd6 h4 61. Ke5 Rf2 62. Rf8 Kh5 63. Be6 g5 64. Rh8+ Kg6 65. f5+ Kg7 66. Rg8+ Kh6 67. Kf6 Kh7 68. Rg7+ Kh8 69. Rxg5 Rh2 70. Rh5# 1-0


[Site "https://www.chess.com"]

[Event "Titled Tuesday Blitz July 05 Late 2022"]
[White "Jeet, Jain"]
[Black "Manukian, Artak"]
[WhiteFideId "5073022"]
[BlackFideId "13301373"]
[WhiteElo "2055"]
[BlackElo "2439"]
[Result "1-0"]
[Round "09"]
[TimeControl "180+1"]
[Date "2022.07.06"]
[WhiteClock "0:00:14"]
[BlackClock "0:00:03"]

1. d4 Nf6 2. Nf3 d5 3. Bf4 Bg4 4. Ne5 Bf5 5. e3 Nbd7 6. c3 Nxe5 7. Bxe5 c6 8. Nd2 e6 9. h3 Bd6 10. f4 Bxe5 11. fxe5 Ne4 12. Nxe4 Bxe4 13. Qg4 O-O 14. Be2 Qb6 15. b3 Qa5 16. Kd2 c5 17. Bd3 cxd4 18. exd4 Rac8 19. Rhc1 Bxd3 20. Kxd3 b5 21. b4 Qc7 22. a4 Qc4+ 23. Kd2 a5 24. bxa5 bxa4 25. Qe2 Qc6 26. Rab1 Rb8 27. Rb4 Rfc8 28. Qd1 a3 29. Qa4 Rxb4 30. Qxb4 a2 31. Qa3 Qc4 32. Ra1 f6 33. exf6 e5 34. Rxa2 exd4 35. Rc2 dxc3+ 36. Rxc3 Qd4+ 37. Kc2 Qf2+ 38. Kb1 Qe1+ 39. Kb2 Rb8+ 40. Rb3 Qd2+ 41. Ka1 Qd1+ 42. Ka2 Qc2+ 43. Qb2 1-0


[Site "https://www.chess.com"]

[Event "Titled Tuesday Blitz July 05 Late 2022"]
[White "Kozin, Yuri"]
[Black "Goncalves, Davi Sulzbacher"]
[WhiteFideId "4129920"]
[BlackFideId "2154510"]
[WhiteElo "2541"]
[BlackElo "2107"]
[Result "0-1"]
[Round "09"]
[TimeControl "180+1"]
[Date "2022.07.06"]
[WhiteClock "0:00:09"]
[BlackClock "0:00:03"]

1. e4 c5 2. Nf3 d6 3. d4 cxd4 4. Nxd4 Nf6 5. Nc3 a6 6. Be3 e5 7. Nf3 Be7 8. Bc4 O-O 9. O-O b5 10. Bd5 Nxd5 11. Qxd5 Qd7 12. Qxa8 Nc6 13. Nxe5 dxe5 14. Rad1 Qe6 15. Nd5 Bd8 16. Bc5 Re8 17. Nb4 Na5 18. Qd5 Qf6 19. Qd3 Be6 20. Nd5 Qg6 21. b3 Nc6 22. a4 bxa4 23. bxa4 a5 24. Kh1 h5 25. c3 Kh7 26. Be3 Ne7 27. Nxe7 Bxe7 28. f3 Rc8 29. Rfe1 Bb3 30. Ra1 Bc4 31. Qd2 Qe6 32. Rab1 h4 33. Bg5 f6 34. Bxh4 Rd8 35. Qe3 Qc6 36. Bg3 Bc5 37. Qc1 Qxa4 38. Ra1 Qb5 39. Qb1 Qc6 40. Qc2 Bd3 41. Qa2 Bb6 42. Qa4 Qxc3 43. Rec1 Qd2 44. Rd1 Qe3 45. Qc6 Bd4 46. Rac1 Be2 47. Re1 Bc3 48. Qe6 Bxe1 49. Rxe1 Rd1 50. Qh3+ Kg6 51. Qe6 Rxe1+ 52. Bxe1 Bxf3 53. Qf5+ Kf7 54. gxf3 Qxe1+ 55. Kg2 Qe2+ 56. Kg3 Qe1+ 57. Kg2 Qe2+ 58. Kh3 Qb5 59. Qc8 a4 60. Qc7+ Kg6 61. Qc8 a3 62. Qa8 Qc5 63. Kg4 Qg1+ 64. Kh3 Qf1+ 65. Kg3 Qe1+ 66. Kh3 Qe3 67. Kg2 Kg5 68. Qa7 Qxa7 0-1


[Site "https://www.chess.com"]

[Event "Titled Tuesday Blitz July 05 Late 2022"]
[White "Leiva, Gianmarco"]
[Black "Paravyan, David"]
[WhiteFideId "3804399"]
[BlackFideId "4194985"]
[WhiteElo "2323"]
[BlackElo "2569"]
[Result "1-0"]
[Round "09"]
[TimeControl "180+1"]
[Date "2022.07.05"]
[WhiteClock "0:00:14"]
[BlackClock "0:01:54"]

1. e4 e5 2. Nf3 Nf6 3. d4 Nxe4 4. Bd3 Nc6 5. dxe5 d5 6. Nbd2 Nc5 7. Be2 Be7 8. O-O O-O 9. Re1 Bf5 10. Nb3 Ne6 11. c3 f6 12. exf6 Bxf6 13. Be3 Kh8 14. Qd2 Be4 15. Nfd4 Ncxd4 16. Nxd4 Bxd4 17. cxd4 Qh4 18. f3 Bg6 19. Bf1 c6 20. Bf2 Qf6 21. Re5 Rae8 22. Rae1 h6 23. Qb4 Nd8 24. Bg3 Kg8 25. h4 Rxe5 26. Rxe5 Re8 27. h5 Bf7 28. Qe1 Rxe5 29. Qxe5 Ne6 30. Qb8+ Kh7 31. Be5 Qe7 32. Bd3+ 1-0


[Site "https://www.chess.com"]

[Event "Titled Tuesday Blitz July 05 Late 2022"]
[White "Madaminov, Mukhiddin"]
[Black "Tica, Sven"]
[WhiteFideId "14210703"]
[BlackFideId "14526948"]
[WhiteElo "2011"]
[BlackElo "2346"]
[Result "1-0"]
[Round "09"]
[TimeControl "180+1"]
[Date "2022.07.05"]
[WhiteClock "0:00:46"]
[BlackClock "0:00:09"]

1. d4 g6 2. Nc3 Bg7 3. e4 a6 4. a4 d6 5. h3 Nd7 6. Nf3 b6 7. Bc4 e6 8. O-O Bb7 9. Re1 Ne7 10. Bf4 h6 11. Qd2 g5 12. Bg3 O-O 13. Rad1 Ng6 14. Nh2 Kh8 15. Ng4 f5 16. exf5 exf5 17. Re6 Nf6 18. Nxf6 Rxf6 19. f3 Rxe6 20. Bxe6 Qf6 21. Bc4 Re8 22. Bf1 h5 23. Bf2 h4 24. Re1 Qf7 25. Rxe8+ Qxe8 26. Qxg5 Qf7 27. b3 Qf6 28. Qxf6 Bxf6 29. Bd3 Nf4 30. Bxf5 c5 31. Ne4 Bxd4 32. Bxd4+ 1-0


[Site "https://www.chess.com"]

[Event "Titled Tuesday Blitz July 05 Late 2022"]
[White "Makarian, Rudik"]
[Black "Kamsky, Gata"]
[WhiteFideId "44105681"]
[BlackFideId "2000024"]
[WhiteElo "2403"]
[BlackElo "2645"]
[Result "1-0"]
[Round "09"]
[TimeControl "180+1"]
[Date "2022.07.05"]
[WhiteClock "0:00:37"]
[BlackClock "0:01:00"]

1. d4 d5 2. Bg5 h6 3. Bh4 c6 4. e3 Qb6 5. Qc1 Bf5 6. Nf3 e6 7. Nbd2 Be7 8. Be2 Nd7 9. O-O Ngf6 10. h3 O-O 11. c3 Rfe8 12. Bg3 a5 13. a4 Rec8 14. Bh2 Ne8 15. Ne5 Nxe5 16. Bxe5 Bd6 17. Nf3 f6 18. Bf4 c5 19. Bxd6 Nxd6 20. dxc5 Qxc5 21. Nd4 Re8 22. Nxf5 Nxf5 23. Bd3 Nd6 24. Qc2 Rac8 25. Rad1 Red8 26. Bh7+ Kh8 27. Bg6 b5 28. axb5 Qxb5 29. Ra1 Rb8 30. Rfb1 Qc5 31. Bd3 Rb6 32. Qa4 Ra8 33. Qd7 Nc4 34. b4 Qb5 35. Rxa5 1-0


[Site "https://www.chess.com"]

[Event "Titled Tuesday Blitz July 05 Late 2022"]
[White "Martinez Alcantara, Jose Eduardo"]
[Black "Samsonkin, Artiom"]
[WhiteFideId "3805662"]
[BlackFideId "13503111"]
[WhiteElo "2703"]
[BlackElo "2513"]
[Result "1-0"]
[Round "09"]
[TimeControl "180+1"]
[Date "2022.07.05"]
[WhiteClock "0:00:14"]
[BlackClock "0:00:02"]

1. e4 e6 2. d4 d5 3. Nc3 dxe4 4. Nxe4 Bd7 5. Nf3 Bc6 6. Bd3 Nd7 7. Qe2 Ngf6 8. Neg5 Bxf3 9. Nxf3 c6 10. c3 g6 11. Bf4 Bg7 12. h4 Qe7 13. O-O-O h6 14. Kb1 a5 15. Rhg1 O-O 16. g4 Nd5 17. Bd2 b5 18. h5 g5 19. Ne5 Nxe5 20. dxe5 Rfd8 21. Bc2 Qc7 22. Rge1 Rab8 23. Ka1 b4 24. c4 Nf4 25. Qe4 c5 26. Bxf4 gxf4 27. Qxf4 Rxd1+ 28. Bxd1 Rd8 29. Bc2 Rd4 30. Qg3 Rxc4 31. Kb1 Qe7 32. f4 Qd7 33. Rd1 Rd4 34. Rc1 Kf8 35. g5 c4 36. g6 a4 37. f5 b3 38. f6 bxc2+ 39. Rxc2 Rd1+ 40. Rc1 Rxc1+ 41. Kxc1 Bxf6 42. exf6 1-0


[Site "https://www.chess.com"]

[Event "Titled Tuesday Blitz July 05 Late 2022"]
[White "Matsuura, Frederico"]
[Black "Souleidis, Georgios"]
[WhiteFideId "2107848"]
[BlackFideId "4206827"]
[WhiteElo "2302"]
[BlackElo "2401"]
[Result "1-0"]
[Round "09"]
[TimeControl "180+1"]
[Date "2022.07.06"]
[WhiteClock "0:00:15"]
[BlackClock "0:00:08"]

1. d4 Nf6 2. Bg5 e6 3. Nf3 d5 4. e3 c5 5. c3 Be7 6. Bd3 Nc6 7. Nbd2 a6 8. Ne5 Nxe5 9. dxe5 Nd7 10. Bf4 b5 11. h4 Bb7 12. Qg4 Bf8 13. O-O Qc7 14. Nf3 c4 15. Bc2 Nc5 16. Nd4 Ne4 17. f3 h5 18. Qh3 Nc5 19. Qg3 g6 20. b4 Nd3 21. Rfd1 Nxf4 22. exf4 Bg7 23. a4 O-O 24. axb5 axb5 25. Nxb5 Qb6+ 26. Nd4 Rxa1 27. Rxa1 Re8 28. Ra5 Bf8 29. Kh2 Bc6 30. Bxg6 fxg6 31. Qxg6+ Kh8 32. Qxh5+ Kg8 33. Qg6+ Kh8 34. Nxe6 Bd7 35. Qh5+ Kg8 36. Ng5 Qa6 37. Rxa6 1-0


[Site "https://www.chess.com"]

[Event "Titled Tuesday Blitz July 05 Late 2022"]
[White "Mei, Austin"]
[Black "Petrovic, Aleksa"]
[WhiteFideId "30948479"]
[BlackFideId "967629"]
[WhiteElo "1971"]
[BlackElo "2185"]
[Result "1-0"]
[Round "09"]
[TimeControl "180+1"]
[Date "2022.07.06"]
[WhiteClock "0:00:12"]
[BlackClock "0:00:02"]

1. e4 e6 2. d4 d5 3. e5 c5 4. c3 Qb6 5. Nf3 Nc6 6. Bd3 Bd7 7. dxc5 Bxc5 8. O-O Qc7 9. b4 Bb6 10. Bf4 a5 11. b5 Nce7 12. a4 Ng6 13. Bg3 Rc8 14. h4 Nh6 15. h5 Ne7 16. Nd4 Bxd4 17. cxd4 Nhf5 18. Qg4 h6 19. Ra2 Qb6 20. Bxf5 Nxf5 21. Rd1 Rc4 22. Rad2 Rxa4 23. Nc3 Rc4 24. Ne2 Bxb5 25. Nf4 Qc6 26. Kh2 a4 27. Ra1 Rc2 28. Qd1 Rxd2 29. Qxd2 O-O 30. Rc1 Qa6 31. Qb4 a3 32. f3 a2 33. Ra1 Rc8 34. Bf2 Rc2 35. Kg1 Qc6 36. Qa3 Bc4 37. g4 Qb5 38. gxf5 Qb1+ 39. Kg2 Qxa1 40. fxe6 Rxf2+ 41. Kxf2 Qxd4+ 42. Kg3 Qg1+ 43. Kh4 Qg5+ 44. Kh3 Bf1+ 45. Kh2 Qxf4+ 46. Kg1 Qg3+ 47. Kxf1 a1=Q+ 48. Qxa1 Qxf3+ 49. Kg1 Qe3+ 50. Kh1 Qh3+ 51. Kg1 Qxe6 52. Qa8+ Kh7 53. Qxb7 d4 54. Qb1+ g6 55. Qe4 Kg7 56. Qxd4 gxh5 57. Kf2 Qf5+ 58. Ke1 Qg4 59. Qd5 Qg3+ 60. Kf1 h4 61. e6 Qf4+ 62. Kg1 Qg5+ 63. Qxg5+ hxg5 64. e7 f5 65. e8=Q Kf6 66. Qe2 Kg6 67. Kh2 g4 68. Qe6+ Kg5 69. Qe7+ Kh5 70. Qf6 g3+ 71. Kh3 g2 72. Qxf5+ Kh6 73. Qg4 1-0


[Site "https://www.chess.com"]

[Event "Titled Tuesday Blitz July 05 Late 2022"]
[White "Mickiewicz, Piotr"]
[Black "Dilmukhametov, Artur"]
[WhiteFideId "1114891"]
[BlackFideId "24179922"]
[WhiteElo "2209"]
[BlackElo "2206"]
[Result "0-1"]
[Round "09"]
[TimeControl "180+1"]
[Date "2022.07.06"]
[WhiteClock "0:00:07"]
[BlackClock "0:00:18"]

1. e4 e6 2. d3 d5 3. Nd2 Nf6 4. Ngf3 Nfd7 5. Qe2 dxe4 6. dxe4 e5 7. g3 Bc5 8. Bg2 O-O 9. O-O Qe7 10. Re1 c6 11. a4 a5 12. Nc4 b6 13. c3 Ba6 14. Bf1 h6 15. Qc2 Qe6 16. b3 Nf6 17. Nfxe5 Nbd7 18. Nd3 Ng4 19. Nxc5 Nxc5 20. Nxb6 Rab8 21. Ba3 Bxf1 22. Bxc5 Bh3 23. f3 Ne5 24. Re3 Rfd8 25. Rae1 Nd7 26. Nxd7 Rxd7 27. b4 axb4 28. cxb4 Qg6 29. R3e2 Ra8 30. a5 Qh5 31. Qc3 Be6 32. Qe3 Rad8 33. Rf2 Rd3 34. Qf4 g5 35. Qf6 Qg6 36. Qxg6+ fxg6 37. a6 Ra8 38. a7 Kf7 39. Kg2 Bc4 40. Re3 Rd1 41. Rc3 Bb5 42. Ra3 Ke6 43. Re3 h5 44. f4 g4 45. f5+ Kf7 46. fxg6+ Kxg6 47. e5 Bc4 48. e6 Bd5+ 49. Ref3 gxf3+ 50. Kh3 Bxe6+ 51. Kh4 Bd5 52. h3 Re1 53. g4 hxg4 54. hxg4 Rh8+ 55. Kg3 Rg1+ 56. Kf4 Rg2 57. Rf1 f2 58. Bxf2 Rf8+ 59. Ke3 Rf3+ 60. Ke2 Ra3 61. Kd2 Ra2+ 62. Ke3 Rxa7 63. g5 Ra3+ 64. Kd4 Rf3 65. Be3 Rxf1 66. Ke5 Rg4 67. Kd6 Re4 68. Kc7 Rxb4 69. Bc5 Re4 70. Be7 Rf5 71. Bd6 Rxg5 72. Kb6 Rf5 73. Bc5 Rf7 74. Ka6 Kf5 75. Kb6 Ke6 76. Bd4 Rxd4 77. Kc5 Rc4+ 78. Kb6 Rf5 79. Kc7 c5 80. Kb6 Ke5 81. Ka5 Rc3 82. Kb5 c4 83. Kc5 Ke4 84. Kb4 Kd4 85. Ka4 Rd3 86. Kb4 c3 87. Ka4 c2 88. Kb4 c1=Q 89. Ka5 Rb3 90. Ka4 Qa3# 0-1


[Site "https://www.chess.com"]

[Event "Titled Tuesday Blitz July 05 Late 2022"]
[White "Navarrete Mendez, Gonzalo Alberto"]
[Black "Krstulovic, Alex"]
[WhiteFideId "5106850"]
[BlackFideId "760056"]
[WhiteElo "2261"]
[BlackElo "2244"]
[Result "1-0"]
[Round "09"]
[TimeControl "180+1"]
[Date "2022.07.05"]
[WhiteClock "0:00:22"]
[BlackClock "0:00:19"]

1. e4 e5 2. Nf3 Nc6 3. Nc3 Nf6 4. Bb5 Bc5 5. O-O d6 6. d4 exd4 7. Nxd4 Bd7 8. Nf5 O-O 9. Bg5 Bxf5 10. exf5 Ne5 11. Nd5 c6 12. Bxf6 gxf6 13. b4 cxd5 14. bxc5 dxc5 15. f4 Nc6 16. Qh5 Kh8 17. Bxc6 bxc6 18. Rf3 Rg8 19. Qxf7 Rg7 20. Qe6 Rb8 21. Qxc6 Qe7 22. Qxd5 Rd8 23. Qe6 Qb7 24. Qxf6 Rd2 25. Rf2 Rxf2 26. Kxf2 Qxg2+ 27. Ke3 Qxc2 28. Rg1 1-0


[Site "https://www.chess.com"]

[Event "Titled Tuesday Blitz July 05 Late 2022"]
[White "Noboa Silva, Kevin"]
[Black "D`Arruda, Ricardo D."]
[WhiteFideId "3618471"]
[BlackFideId "100692"]
[WhiteElo "2172"]
[BlackElo "2459"]
[Result "0-1"]
[Round "09"]
[TimeControl "180+1"]
[Date "2022.07.06"]
[WhiteClock "0:00:26"]
[BlackClock "0:00:20"]

1. e4 c5 2. c3 e6 3. d4 cxd4 4. cxd4 d5 5. exd5 exd5 6. Nf3 Bd6 7. Bb5+ Nc6 8. O-O Ne7 9. Nc3 O-O 10. h3 Bf5 11. Re1 a6 12. Bd3 Qd7 13. Bg5 f6 14. Be3 Bxd3 15. Qxd3 Rfe8 16. Rad1 Rad8 17. a3 b5 18. Qb1 Na5 19. Bc1 Nc4 20. Qa2 Rc8 21. Re2 Kf8 22. Rde1 Nxa3 23. Nxd5 Nxd5 24. Rxe8+ Rxe8 25. Rxe8+ Kxe8 26. bxa3 Qc6 27. Bd2 Qc4 28. Qb1 g6 29. Qe4+ Kf7 30. Qh4 h5 31. Qe4 Bxa3 32. g4 hxg4 33. hxg4 Be7 34. g5 b4 35. gxf6 Bxf6 36. Bg5 Bg7 37. Bd2 b3 38. Ng5+ Kf8 39. Qxg6 Nc7 40. Nh7+ Kg8 41. Nf6+ Kf8 42. Nd7+ Kg8 43. Nf6+ Kf8 44. Bh6 Qf7 45. Nh7+ Kg8 46. Qxf7+ Kxf7 47. Ng5+ Kg6 48. Bxg7 Kxg5 49. d5 Nxd5 50. Kg2 a5 51. Kg3 a4 52. Bb2 Nb4 53. f4+ Kf5 54. Kf3 Nd3 55. Bc3 a3 56. Ke3 b2 57. Kxd3 b1=Q+ 58. Kc4 a2 59. Kd5 Kxf4 60. Be5+ Kf5 61. Kd6 Qd3+ 62. Ke7 Kxe5 63. Kf7 a1=Q 64. Kg7 Qg1+ 65. Kf7 Qd7+ 66. Kf8 Qgg7# 0-1


[Site "https://www.chess.com"]

[Event "Titled Tuesday Blitz July 05 Late 2022"]
[White "Omariev, Maksim"]
[Black "Arabidze, Meri"]
[WhiteFideId "4193423"]
[BlackFideId "13604040"]
[WhiteElo "2453"]
[BlackElo "2335"]
[Result "1-0"]
[Round "09"]
[TimeControl "180+1"]
[Date "2022.07.06"]
[WhiteClock "0:00:37"]
[BlackClock "0:00:03"]

1. g4 c5 2. Bg2 Nc6 3. c4 d6 4. h3 e5 5. Nc3 f5 6. d3 fxg4 7. hxg4 Bxg4 8. Nf3 Nf6 9. Bg5 Be7 10. Qd2 Qd7 11. O-O-O O-O-O 12. Kb1 Kb8 13. Bxf6 Bxf6 14. Nd5 h5 15. Nh2 Be6 16. Nf1 h4 17. Nfe3 h3 18. Be4 Bg5 19. Rdg1 Bh6 20. Qe1 Nd4 21. Nc2 Rdf8 22. Nxd4 exd4 23. Rg6 Bf7 24. Rg3 Be6 25. Qg1 g5 26. Bf3 g4 27. Bxg4 Bxg4 28. Rxg4 Rxf2 29. Qxf2 Qxg4 30. Qf6 Rc8 31. Qxd6+ Ka8 32. Qxh6 Qxe2 33. Qxh3 Rf8 34. Nc7+ Kb8 35. Qg3 a6 36. Ne6+ Ka7 37. Nxf8 1-0


[Site "https://www.chess.com"]

[Event "Titled Tuesday Blitz July 05 Late 2022"]
[White "Oparin, Grigoriy"]
[Black "Lashkin, Jegor"]
[WhiteFideId "24125890"]
[BlackFideId "13907808"]
[WhiteElo "2639"]
[BlackElo "2368"]
[Result "1-0"]
[Round "09"]
[TimeControl "180+1"]
[Date "2022.07.05"]
[WhiteClock "0:01:08"]
[BlackClock "0:00:21"]

1. c4 e5 2. Nc3 Nf6 3. Nf3 Nc6 4. e4 Bb4 5. d3 d6 6. a3 Bc5 7. b4 Bb6 8. Be2 Bg4 9. Be3 Bxf3 10. Bxf3 Nd4 11. Na4 Nxf3+ 12. Qxf3 Bxe3 13. fxe3 O-O 14. O-O c6 15. Nc3 a5 16. b5 Qd7 17. a4 Rad8 18. Rab1 d5 19. Qg3 Qe6 20. exd5 cxd5 21. Rxf6 Qxf6 22. Nxd5 Qe6 23. h4 f5 24. Rf1 Rxd5 25. cxd5 Qxd5 26. h5 f4 27. exf4 Qd4+ 28. Qf2 Rxf4 29. Qxd4 Rxd4 30. Rc1 Rxa4 31. Rc7 h6 32. Rxb7 Rb4 33. Kf2 a4 34. Ke3 a3 35. Ra7 Rxb5 36. Rxa3 e4 37. Kxe4 Rxh5 38. d4 Rg5 39. Ra2 Kf7 40. d5 Ke7 41. Kd4 Kd6 42. Ra6+ Kc7 43. Kc5 Rxg2 44. Ra7+ Kb8 45. Rf7 Rg6 46. d6 Rg1 47. Rf8+ Kb7 48. d7 Rc1+ 49. Kb4 Rd1 50. d8=Q Rxd8 51. Rxd8 Kc6 52. Rg8 g5 53. Kc4 Kd6 54. Kd4 Ke6 55. Rg6+ Kf5 56. Rxh6 Kf4 57. Rf6+ Kg3 58. Ke3 g4 59. Rg6 Kh3 60. Kf4 1-0


[Site "https://www.chess.com"]

[Event "Titled Tuesday Blitz July 05 Late 2022"]
[White "Palchuk, Andrii"]
[Black "Swiercz, Dariusz"]
[WhiteFideId "14176688"]
[BlackFideId "1126881"]
[WhiteElo "2338"]
[BlackElo "2627"]
[Result "0-1"]
[Round "09"]
[TimeControl "180+1"]
[Date "2022.07.05"]
[WhiteClock "0:00:03"]
[BlackClock "0:00:14"]

1. d4 Nf6 2. c4 g6 3. h4 d6 4. Nc3 Bg7 5. e4 O-O 6. Be2 c5 7. d5 e6 8. h5 exd5 9. exd5 Re8 10. h6 Bh8 11. Bg5 Qb6 12. b3 Ne4 13. Nxe4 Rxe4 14. Kf1 a5 15. Bd3 Re8 16. g3 a4 17. Rb1 axb3 18. Rxb3 Qa5 19. a3 Nd7 20. Nf3 Nf6 21. Rh4 Ng4 22. Bd2 Qd8 23. Kg2 Bf6 24. Rh1 Bd7 25. Qc1 Qc8 26. Bc3 Ne5 27. Qf4 Bh8 28. Ng5 Rf8 29. Ne4 Qd8 30. Nxc5 Bc8 31. Be2 Qe7 32. Ne4 Bf5 33. g4 Bxe4+ 34. Qxe4 Rae8 35. f4 f5 36. gxf5 gxf5 37. Qe3 Ng6 38. Qxe7 Rxe7 39. Kf3 Rfe8 40. Bxh8 Rxe2 41. Bd4 R8e4 42. Be3 Rc2 43. Rg1 Re7 44. c5 dxc5 45. Rb6 Kf7 46. d6 Rd7 47. Rd1 Ke6 48. a4 Rc3 49. Kf2 Rc2+ 50. Kf3 Rc3 51. Kf2 Rc4 52. a5 Nxf4 53. Kf3 Nd5 54. Bd2 Rd4 55. Rb3 Kxd6 56. Re1 Rxd2 0-1


[Site "https://www.chess.com"]

[Event "Titled Tuesday Blitz July 05 Late 2022"]
[White "Papp, Levente"]
[Black "Vovk, Orest"]
[WhiteFideId "751243"]
[BlackFideId "14113490"]
[WhiteElo "2308"]
[BlackElo "2203"]
[Result "0-1"]
[Round "09"]
[TimeControl "180+1"]
[Date "2022.07.06"]
[WhiteClock "0:00:02"]
[BlackClock "0:00:24"]

1. b3 Nf6 2. Bb2 g6 3. g3 Bg7 4. Bg2 Nh5 5. Bxg7 Nxg7 6. d4 h5 7. h4 d5 8. c4 c6 9. Nc3 Qa5 10. Qd2 dxc4 11. bxc4 Nd7 12. c5 Nf6 13. Nf3 Be6 14. O-O Nd5 15. Nxd5 Qxd2 16. Nf6+ exf6 17. Nxd2 O-O-O 18. e3 g5 19. Ne4 gxh4 20. gxh4 Nf5 21. Nxf6 Nxh4 22. Kh2 Nxg2 23. Kxg2 Rh6 24. Ne4 Rg8+ 25. Kh2 Bd5 26. Nd6+ Kc7 27. Rg1 Rhg6 28. Rxg6 Rxg6 29. e4 Be6 30. a4 b6 31. Rg1 Rxg1 32. Kxg1 bxc5 33. dxc5 a5 34. f4 Bb3 35. Kf2 Bxa4 36. Nxf7 Bb3 37. Ne5 a4 38. Nd3 Bc2 39. Nc1 Bxe4 40. Na2 a3 41. Ke3 Bb1 42. Nc1 a2 43. Nb3 h4 44. Kf2 Be4 45. Na1 Kd7 46. Ke3 h3 47. Kf2 h2 0-1


[Site "https://www.chess.com"]

[Event "Titled Tuesday Blitz July 05 Late 2022"]
[White "Raja Rithvik R"]
[Black "Diaz Perez, Michel Alejandro"]
[WhiteFideId "35007394"]
[BlackFideId "3517179"]
[WhiteElo "2255"]
[BlackElo "2313"]
[Result "1-0"]
[Round "09"]
[TimeControl "180+1"]
[Date "2022.07.05"]
[WhiteClock "0:01:40"]
[BlackClock "0:00:54"]

1. b3 d5 2. Bb2 c5 3. e3 a6 4. Nf3 Nc6 5. Be2 Bg4 6. O-O Nf6 7. Ne5 Nxe5 8. Bxe5 Bxe2 9. Qxe2 e6 10. f4 Bd6 11. Bb2 Qe7 12. d3 e5 13. f5 e4 14. Nd2 exd3 15. cxd3 O-O 16. e4 Rfe8 17. Rae1 dxe4 18. dxe4 Be5 19. Nc4 Bxb2 20. Qxb2 Nxe4 21. Rf4 Qg5 22. Rfxe4 Rxe4 23. Rxe4 Qxf5 24. Qe5 Qd7 25. Nd6 Rd8 26. Qe8+ Rxe8 27. Rxe8+ Qxe8 28. Nxe8 Kf8 29. Nd6 b6 30. Kf2 g6 31. Ke3 f5 32. Kd3 Kg7 33. Nc4 b5 34. Ne5 g5 35. Nd7 c4+ 36. bxc4 bxc4+ 37. Kxc4 Kf7 38. Kd4 1-0


[Site "https://www.chess.com"]

[Event "Titled Tuesday Blitz July 05 Late 2022"]
[White "Riehle, Marco"]
[Black "Poltorak, Sebastian"]
[WhiteFideId "12904392"]
[BlackFideId "1199498"]
[WhiteElo "2462"]
[BlackElo "2104"]
[Result "0-1"]
[Round "09"]
[TimeControl "180+1"]
[Date "2022.07.05"]
[WhiteClock "0:00:22"]
[BlackClock "0:00:04"]

1. e4 c6 2. c4 d5 3. cxd5 cxd5 4. exd5 Nf6 5. Nc3 Nxd5 6. Nf3 Nc6 7. Bb5 e6 8. O-O Be7 9. d4 O-O 10. Re1 Bf6 11. Ne4 Bd7 12. a3 Rc8 13. Nxf6+ Qxf6 14. Bg5 Qg6 15. Bd3 Qh5 16. h3 f6 17. Bd2 Qf7 18. Rc1 Nce7 19. Qb3 Bc6 20. Re2 Ng6 21. Bxg6 hxg6 22. Rce1 Rfe8 23. Bb4 g5 24. Bd6 Qd7 25. Bg3 Kf7 26. Qd3 Bb5 27. Qd2 Bxe2 28. Qxe2 Qc6 29. h4 Qc2 30. Qb5 Qc6 31. Qe2 gxh4 32. Nxh4 Rh8 33. Qg4 g5 34. Nf3 Rce8 35. Be5 Qc2 36. Bxf6 Nxf6 37. Nxg5+ Kg6 38. Qg3 Nh5 39. Qe3 Qf5 40. Nf3 Nf4 41. Ne5+ Kg7 42. Qg3+ Ng6 43. f3 Qh5 44. Ng4 Qh4 45. Qc7+ Re7 46. Qc3 Qg3 47. d5+ e5 48. d6 Nf4 49. Qd2 Nh3+ 50. Kf1 Re6 51. gxh3 Rf8 52. d7 Rxf3+ 53. Nf2 Ref6 54. Re2 Qxh3+ 55. Ke1 Qh1+ 56. Nxh1 Rf1# 0-1


[Site "https://www.chess.com"]

[Event "Titled Tuesday Blitz July 05 Late 2022"]
[White "Sanal, Vahap"]
[Black "Bortnyk, Olexandr"]
[WhiteFideId "6300545"]
[BlackFideId "14120828"]
[WhiteElo "2574"]
[BlackElo "2723"]
[Result "0-1"]
[Round "09"]
[TimeControl "180+1"]
[Date "2022.07.05"]
[WhiteClock "0:01:05"]
[BlackClock "0:00:23"]

1. e4 d6 2. d4 Nf6 3. Nc3 Nbd7 4. f4 e5 5. Nf3 exd4 6. Qxd4 c6 7. Bd2 d5 8. exd5 Bc5 9. Qd3 Qe7+ 10. Be2 O-O 11. O-O-O cxd5 12. Nxd5 Nxd5 13. Qxd5 Qxe2 14. Rhe1 Qa6 15. Bc3 Qc6 16. Qg5 Qg6 17. Qd5 Qc6 18. Qg5 f6 19. Qh5 Nb6 20. f5 Na4 21. Bd4 Qb5 22. b3 Ba3+ 23. Kb1 Bxf5 24. g4 Bxc2+ 25. Kxc2 Qc6+ 26. Kb1 Nc3+ 27. Bxc3 Qxc3 28. Qd5+ Kh8 29. Re2 Rac8 0-1


[Site "https://www.chess.com"]

[Event "Titled Tuesday Blitz July 05 Late 2022"]
[White "Sanchez Alvares, Kelvin Antonio"]
[Black "Carrasco Miranda, Andres"]
[WhiteFideId "3906680"]
[BlackFideId "3405990"]
[WhiteElo "2193"]
[BlackElo "2177"]
[Result "1-0"]
[Round "09"]
[TimeControl "180+1"]
[Date "2022.07.06"]
[WhiteClock "0:00:44"]
[BlackClock "0:00:09"]

1. e4 c5 2. Nf3 d6 3. d4 cxd4 4. Nxd4 Nf6 5. Nc3 a6 6. Bg5 Nbd7 7. Qd2 h6 8. Bh4 g5 9. Bg3 h5 10. h4 g4 11. Nf5 Qa5 12. O-O-O Ne5 13. Bxe5 Qxe5 14. Qd4 Bxf5 15. Qxe5 Bh6+ 16. Kb1 dxe5 17. exf5 O-O 18. g3 b5 19. a3 Rad8 20. Bg2 Rd4 21. Rde1 Bd2 22. Rxe5 Bxc3 23. bxc3 Rc4 24. Rxe7 Rxc3 25. Kb2 Rfc8 26. Rc1 R3c5 27. Bb7 Rd8 28. Bxa6 Rxf5 29. Re2 Nd5 30. Bxb5 Nf4 31. Re8+ Rxe8 32. Bxe8 Nh3 33. c4 Nxf2 34. Rc2 Rf3 35. c5 Nd3+ 36. Ka2 Nxc5 37. Rxc5 Rxg3 38. Rxh5 Kf8 39. Bc6 Rc3 40. Bd5 g3 41. Rf5 Kg7 42. Rxf7+ Kg6 43. Rf8 Kh5 44. Rh8+ Kg4 45. Be6+ Kf3 46. Rf8+ Ke3 47. Rg8 Kf2 48. Bd5 Rd3 49. Ba8 Rd4 50. h5 Rh4 51. Rg5 Rh2 52. Kb3 g2 53. Rxg2+ 1-0


[Site "https://www.chess.com"]